 Dungeon Crawl Stone Soup version 0.17-a0-670-g5d95ebd (console) character file.

3722 jernau the Thaumaturge (level 10, -2/80 HPs)
             Began as a Hill Orc Skald on Apr 18, 2015.
             Was a Follower of Beogh.
             Slain by a gnoll
             ... wielding a +0 halberd
              (10 damage)
             ... on level 8 of the Dungeon.
             The game lasted 00:55:00 (9016 turns).

jernau the Thaumaturge (Hill Orc Skald)             Turns: 9016, Time: 00:55:00

Health: -2/80      AC: 15    Str: 16    XL:     10   Next: 14%
Magic:  21/23      EV: 12    Int: 15    God:    Beogh [*.....]
Gold:   466        SH:  0    Dex: 10    Spells: 4 memorised, 19 levels left

rFire  . . .     SeeInvis .     k - +0 spear (flame)
rCold  . . .     Clarity  .     y - +0 leather armour (curse)
rNeg   + . .     SustAb   .     (no shield)
rPois  .         Gourm    .     j - +2 hat
rElec  .         Spirit   .     C - +1 cloak
rCorr  .         Warding  .     w - +0 pair of gloves
rMut   .         Stasis   .     t - +0 pair of boots
MR     .....                    (no amulet)
Stlth  +.........               A - ring of positive energy
                                l - +6 ring of protection

@: about to teleport, drained, not resistant to hostile enchantments, very
unstealthy
A: no striking features
a: Renounce Religion


You were on level 8 of the Dungeon.
You worshipped Beogh.
Beogh was aware of your devotion.
You were not hungry.

You visited 2 branches of the dungeon, and saw 9 of its levels.

You collected 466 gold pieces.

Inventory:

Hand weapons
 a - a +0 spear
 k - a +0 spear of flaming (weapon)
 q - a +0 war axe
Armour
 e - a +0 plate armour
 f - a +0 cloak
 j - a +2 hat (worn)
 t - a +0 pair of boots (worn)
 w - a +0 pair of gloves (worn)
 y - a cursed +0 leather armour (worn)
 C - a +1 cloak (worn)
Jewellery
 l - a +6 ring of protection (left hand)
 A - a ring of positive energy (right hand)
Magical devices
 g - a wand of fireball (0)
 D - a wand of disintegration (11)
Scrolls
 i - 3 scrolls of remove curse
 m - a scroll of magic mapping {unknown}
 s - a scroll of fog {unknown}
 x - a scroll of amnesia {unknown}
 F - a scroll of random uselessness {unknown}
Potions
 b - 2 potions of curing
 o - a potion of agility {unknown}
 p - 2 potions of magic
 u - 2 potions of restore abilities
 v - a potion of flight {unknown}
 z - 2 potions of brilliance {unknown}
 E - a potion of might {unknown}
Books
 c - a book of Battle

   Spells                             Type                      Level
   a - Infusion                       Charms                       1
   b - Shroud of Golubria             Charms/Translocation         2
   c - Song of Slaying                Charms                       2
   d - Spectral Weapon                Hexes/Charms                 3
   e - Regeneration                   Charms/Necromancy            3
Comestibles
 d - 6 bread rations
 h - 2 meat rations


   Skills:
 - Level 4.7(4.3) Fighting
 - Level 2.1(1.8) Polearms
 - Level 1.1(0.7) Armour
 - Level 4.2(3.8) Dodging
 - Level 1.0(0.7) Stealth
 - Level 9.0(8.6) Spellcasting
 - Level 2.6(2.3) Charms
 + Level 4.4(4.0) Translocations
 - Level 0.4(0.0) Evocations


You had 19 spell levels left.
You knew the following spells:

 Your Spells              Type           Power        Failure   Level  Hunger
a - Infusion              Chrm           ##....       8%          1    None
b - Shroud of Golubria    Chrm/Tloc      ###.......   8%          2    None
c - Song of Slaying       Chrm           ##......     12%         2    None
d - Spectral Weapon       Hex/Chrm       #.......     30%         3    ##.....


Dungeon Overview and Level Annotations

Branches:
Dungeon (8/15)             Temple (1/1) D:4            Lair (0/8) D:8

Altars:
Ashenzari
Cheibriados
Dithmenos
Elyvilon
Fedhas
Gozag
Kikubaaqudgha
Nemelex Xobeh
Okawaru
Qazlal
Ru
Sif Muna
Trog
Vehumet
Xom
Yredelemnul
Zin
The Shining One

Shops:
D:7 =

Annotations:
D:5 jernau's ghost, experienced HOSk


Message History

The gnoll shaman is healed somewhat.
The gnoll hits you but does no damage.
Casting: Shroud of Golubria
Confirm with . or Enter, or press ? or * to list all spells.
Space distorts slightly along a thin shroud covering your body.
The gnoll barely misses you.
The gnoll shaman hits you but does no damage.
The gnoll hits you from afar with a halberd!
* * * LOW HITPOINT WARNING * * *
Your shroud falls apart!
Read which item? (? for menu, Esc to quit)
As you read the scroll of teleportation, it crumbles to dust.
You feel strangely unstable.
The gnoll hits you from afar with a spear of freezing.
* * * LOW HITPOINT WARNING * * *
The gnoll freezes you.
* * * LOW HITPOINT WARNING * * *
The gnoll shaman calls upon its god to speed up the gnoll.
The gnoll seems to speed up.
The gnoll hits you from afar with a halberd!
You die...

# #...#....####......... ..... #
...........##............... #
#........................... #
###.......#.##...............
###.####.#....#.##......... .....
................##......... .....
..#.#.......###.##...............
..............#.##g..............
................@gg..............
............#.#.##g..............
#.#.#.......#....#...............
#.#.#.......###..#............>..
#.#.#.......###..#...............
.................................
..........#####..#...............
............###..#...............
#.#.#.##......#..#...............


You could see a gnoll shaman and 3 gnolls.

Vanquished Creatures
  Pikel (D:7)
  Prince Ribbit (D:7)
  A spriggan (D:7)
  2 hungry ghosts
  A necrophage (D:8)
  A sky beast (D:7)
  2 ogres
  A slave (D:7)
  5 phantoms
  2 ice beasts
  6 giant frogs
  A water moccasin zombie (D:8)
  4 killer bees (D:8)
  3 scorpions
  A water moccasin skeleton (D:8)
  2 wights (D:8)
  A centaur zombie (D:6)
  A quasit (D:5)
  A crimson imp (D:8)
  3 orc priests
  A jelly (D:8)
  A hound (D:8)
  3 iguanas
  An orc wizard (D:4)
  Jessica (D:2)
  A centaur skeleton (D:5)
  Natasha (twice) (D:3)
  7 worker ants
  A gnoll (D:7)
  A worker ant zombie (D:7)
  7 adders
  A shadow imp (D:6)
  An adder zombie (D:8)
  An adder skeleton (D:7)
  2 worms
  6 giant geckos
  7 orcs
  10 bats
  A bat skeleton (D:8)
  2 bat zombies
  5 giant cockroaches
  10 goblins
  17 hobgoblins
  4 quokkas
  4 giant newts
  4 jackals
  A jackal zombie (D:6)
  12 kobolds
  A quokka zombie (D:6)
  10 rats
165 creatures vanquished.

Vanquished Creatures (others)
  A centaur (D:7)
  2 giant frogs (D:7)
  A gnoll sergeant (D:7)
  A scorpion (D:6)
  A hound (D:7)
  An orc wizard (D:4)
  A centaur skeleton (D:7)
  An iguana (D:7)
  An adder (D:7)
  2 gnolls (D:7)
  A giant gecko (D:6)
  4 orcs (D:4)
  A bat skeleton (D:7)
  A goblin (D:5)
  A hobgoblin (D:7)
  A ball python (D:6)
21 creatures vanquished.

Grand Total: 186 creatures vanquished

Notes
Turn   | Place    | Note
--------------------------------------------------------------
     0 | D:1      | jernau, the Hill Orc Skald, began the quest for the Orb.
     0 | D:1      | Reached XP level 1. HP: 18/18 MP: 3/3
   152 | D:1      | Reached skill level 1 in Dodging
   697 | D:1      | Reached XP level 2. HP: 25/25 MP: 4/4
   745 | D:1      | Reached skill level 1 in Stealth
  1052 | D:2      | Reached XP level 3. HP: 15/30 MP: 0/5
  1235 | D:2      | Noticed Jessica
  1603 | D:3      | Reached XP level 4. HP: 13/37 MP: 6/6
  1861 | D:3      | Noticed Natasha
  1866 | D:3      | Killed Natasha
  1866 | D:3      | Reached skill level 3 in Dodging
  2046 | D:3      | Noticed a phantom
  2091 | D:3      | Killed a phantom
  2091 | D:3      | Reached skill level 4 in Dodging
  2091 | D:3      | Reached XP level 5. HP: 26/42 MP: 0/7
  2652 | D:3      | Noticed Natasha
  2660 | D:3      | Killed Natasha
  2681 | D:2      | Killed Jessica
  2681 | D:2      | Reached XP level 6. HP: 29/50 MP: 6/9
  2707 | D:2      | Learned a level 2 spell: Shroud of Golubria
  2957 | D:4      | Found a staircase to the Ecumenical Temple.
  2967 | Temple   | Entered the Ecumenical Temple
  3580 | D:5      | Entered Level 5 of the Dungeon
  3920 | D:5      | Reached XP level 7. HP: 43/59 MP: 8/11
  4192 | D:5      | Noticed jernau's ghost (experienced HOSk)
  4623 | D:6      | Found a shattered altar of Ashenzari.
  4649 | D:6      | Learned a level 2 spell: Song of Slaying
  5030 | D:6      | Found a glowing silver altar of Zin.
  5030 | D:6      | Found a glowing golden altar of the Shining One.
  5091 | D:6      | Reached XP level 8. HP: 22/67 MP: 7/15
  5127 | D:6      | Reached skill level 5 in Spellcasting
  5714 | D:6      | Became a worshipper of Beogh the Brigand
  5850 | D:7      | Found Luofu's Jewellery Emporium.
  5917 | D:7      | Reached skill level 6 in Spellcasting
  6007 | D:7      | Noticed Prince Ribbit
  6017 | D:7      | Killed Prince Ribbit
  6118 | D:7      | Noticed Pikel
  6159 | D:7      | Killed Pikel
  6159 | D:7      | Reached skill level 7 in Spellcasting
  6159 | D:7      | Reached skill level 1 in Translocations
  6159 | D:7      | Reached XP level 9. HP: 26/72 MP: 9/20
  6408 | D:7      | Found an ancient bone altar of Kikubaaqudgha.
  6440 | D:7      | Found a stormy altar of Qazlal.
  6717 | D:7      | Reached skill level 8 in Spellcasting
  7350 | D:8      | Learned a level 3 spell: Spectral Weapon
  7513 | D:8      | Acquired Beogh's first power
  7604 | D:8      | Reached skill level 9 in Spellcasting
  7971 | D:8      | Reached XP level 10. HP: 31/80 MP: 13/23
  8376 | D:8      | Found a staircase to the Lair.
  9016 | D:8      | Slain by a gnoll

Action                   |  1- 3 |  4- 6 |  7- 9 | 10-12 || total
-------------------------+-------+-------+-------+-------++-------
Melee: Spear             |   116 |   243 |   642 |   213 ||  1214
 Cast: Infusion          |     2 |     9 |    29 |     4 ||    44
       Shroud of Golubri |       |     3 |    16 |    12 ||    31
Invok: Convert to Beogh  |       |       |     1 |       ||     1
Evoke: Wand              |       |       |     3 |       ||     3
  Use: Scroll            |     3 |     4 |     5 |     4 ||    16
       Potion            |     1 |       |     2 |     1 ||     4
 Stab: Sleeping          |       |       |       |     1 ||     1
  Eat: Chunk             |     1 |     7 |     8 |       ||    16
       Pizza             |     1 |       |     1 |       ||     2
       Royal jelly       |       |     1 |       |       ||     1
       Beef jerky        |       |       |     2 |       ||     2
       Bread ration      |       |       |     1 |       ||     1
       Meat ration       |       |       |       |     1 ||     1
